 Dungeon Crawl Stone Soup version 0.22-a0-469-gf26638a71f (webtiles) character file.

18919 Banto the Covert (level 12, -3/85 HPs)
             Began as an Octopode Earth Elementalist on June 11, 2018.
             Was an Elder of Vehumet.
             Slain by a five-headed hydra (11 damage)
             ... on level 2 of the Lair of Beasts on June 13, 2018.
             The game lasted 00:46:42 (18657 turns).

Banto the Covert (Octopode Earth Elementalist)     Turns: 18657, Time: 00:46:42

Health: -3/85      AC:  1    Str:  9    XL:     12   Next: 63%
Magic:  11/15      EV: 19    Int: 22    God:    Vehumet [****..]
Gold:   788        SH:  0    Dex: 13    Spells: 1/15 levels left

rFire    + . .     SeeInvis .   i - +2 short sword (venom)
rCold    . . .     Gourm    .   (no shield)
rNeg     . . .     Faith    .   (helmet restricted)
rPois    .         Spirit   .   G - amulet of regeneration
rElec    .         Reflect  .   w - +1 ring of evasion
rCorr    .         Harm     .   (no ring)
MR       .....                  (no ring)
Stlth    ++++++....             (no ring)
HPRegen  0.64/turn              (no ring)
MPRegen  0.14/turn              (no ring)
                                (no ring)
                                (no ring)

@: no status effects
A: almost no armour, stealthy swim, amphibious, 8 rings, constrict 8, camouflage
1, fire resistance 1, strong 1, gelatinous body 1
a: Renounce Religion


You were on level 2 of the Lair of Beasts.
You worshipped Vehumet.
Vehumet was greatly pleased with you.
You were near starving.

You visited 3 branches of the dungeon, and saw 15 of its levels.
You also visited: Sewer.

You collected 788 gold pieces.

Inventory:

Hand Weapons
 i - a +2 short sword of venom (weapon)
 y - a +1 rapier of speed
Missiles
 b - 440 stones (quivered)
 J - 213 arrows
Jewellery
 w - a +1 ring of evasion (left tentacle)
 G - an amulet of regeneration (around mantle)
Wands
 j - a wand of paralysis (28)
 p - a wand of clouds (2)
 B - a wand of acid (8)
 E - a wand of polymorph (40)
 F - a wand of flame (23)
Scrolls
 a - 5 scrolls of fear
 f - 5 scrolls of teleportation
 g - 2 scrolls of fog
 k - 6 scrolls of remove curse
 s - a scroll of enchant weapon
 A - 3 scrolls of identify
 D - 2 scrolls of enchant armour
 H - 2 scrolls of amnesia
Potions
 d - 4 potions of might
 e - 10 potions of curing
 h - a potion of resistance
 l - 3 potions of heal wounds
 m - 4 potions of brilliance
 n - 2 potions of invisibility
 o - 8 potions of flight
 q - 3 potions of mutation
 r - 3 potions of agility
 t - 3 potions of magic
 v - a potion of lignification
 z - 2 potions of berserk rage
 C - a potion of cancellation
Comestibles
 c - 18 rations


   Skills:
 - Level 9.1 Fighting
 - Level 8.0 Short Blades
 - Level 9.0 Dodging
 - Level 11.0 Stealth
 - Level 2.0 Spellcasting
 * Level 4.9 Conjurations
 - Level 8.0 Transmutations
 + Level 1.3 Air Magic
 - Level 8.2 Earth Magic


You had one spell level left.
You knew the following spells:

 Your Spells              Type           Power        Failure   Level  Hunger
a - Sticks to Snakes      Tmut           #####...     1%          2    ##.....
b - Passwall              Tmut/Erth      #####...     1%          2    ##.....
c - Stone Arrow           Conj/Erth      ####..       1%          3    ###....
d - Petrify               Tmut/Erth      #####...     4%          4    #####..
e - Mephitic Cloud        Conj/Pois/Air  ##......     4%          3    ###....

Your spell library contained the following spells:

 Spells                   Type           Power        Failure   Level  Hunger
 Lightning Bolt           Conj/Air       ###.......   26%         5    ######.
 Confuse                  Hex            #.......     38%         3    ###....
 Tukima's Dance           Hex            #.......     38%         3    ###....
 Shock                    Conj/Air       ###.         1%          1    #......
 Swiftness                Chrm/Air       #.......     16%         2    ##.....
 Spider Form              Tmut/Pois      ###.......   8%          3    ###....
 Blade Hands              Tmut           #####.....   14%         5    ######.
 Statue Form              Tmut/Erth      #####....    58%         6    #######
 Ice Form                 Ice/Tmut       ###.....     26%         4    #####..
 Dragon Form              Tmut           #####.....   99%         7    #######
 Airstrike                Air            #.........   21%         4    #####..
 Ensorcelled Hibernation  Hex/Ice        #.....       21%         2    ##.....
 Static Discharge         Conj/Air       ###.....     3%          3    ###....
 Corona                   Hex            #......      14%         1    #......
 Lee's Rapid Deconstruct  Erth           #####.....   3%          5    ######.
 Sandblast                Erth           #####.       1%          1    #......
 Beastly Appendage        Tmut           #####.       1%          1    #......
 Dazzling Spray           Conj/Hex       ##....       4%          3    ###....
 Hydra Form               Tmut           #####.....   61%         6    #######
 Irradiate                Conj/Tmut      ####......   7%          5    ######.


Dungeon Overview and Level Annotations

Branches:
Dungeon (11/15)            Temple (1/1) D:6            Lair (3/6) D:9
  Swamp (0/4) Lair:3       Spider (0/4) Lair:2          Orc (0/2) D:11

Altars:
Ashenzari
Cheibriados
Dithmenos
Elyvilon
Fedhas
Gozag
Hepliaklqana
Kikubaaqudgha
Makhleb
Nemelex Xobeh
Okawaru
Qazlal
Ru
Sif Muna
Trog
Uskayaw
Vehumet
Wu Jian
Xom
Yredelemnul
Zin
The Shining One

Shops:
D:4 (%

Annotations:
D:11 Bikalo's ghost, journeyman MiFi


Innate Abilities, Weirdness & Mutations

You cannot wear most types of armour.
You are very stealthy in the water. (Stealth+)
You are amphibious.
You can wear up to eight rings at the same time.
You can use your tentacles to constrict eight enemies at once.
Your skin changes colour to match your surroundings (Stealth+).
Your rubbery body absorbs attacks. (AC +1, EV +1)
Your flesh is heat resistant. (rF+)
Your muscles are strong. (Str +2)


Message History

The five-headed hydra easily resists.
The five-headed hydra misses you. The five-headed hydra bites you.
The five-headed hydra closely misses you.
The five-headed hydra bites you! x2
You take 33 damage, and have 38/85 hp.
MASSIVE DAMAGE!!
You now have 7/15 mp.
The five-headed hydra bites you. The five-headed hydra bites you!
* * * LOW HITPOINT WARNING * * *
The five-headed hydra closely misses you.
The five-headed hydra bites you.
* * * LOW HITPOINT WARNING * * *
The five-headed hydra closely misses you.
You take 23 damage, and have 15/85 hp.
MASSIVE DAMAGE!!
The five-headed hydra bites you!
* * * LOW HITPOINT WARNING * * *
The five-headed hydra completely misses you.
The five-headed hydra bites you!
* * * LOW HITPOINT WARNING * * *
The five-headed hydra barely misses you.
The five-headed hydra bites you!
You die...

#..[.............................
#...###.P##.P.##P...#............
#...##.##############..###.######
#...#### ##.#####.#### #...#
#..#...##... #...# #.#....#....
#...## ### ###.##...'....
#....#####.#########.#.##...#####
#..........<....@D.....####.##.##
P.......................#..+##...
........................'...##...
##.##.P##.###.####.#....'........
########## ### ####...'...##+..
##...#.#'##... #P..####.##...
##..##...##... #P..##....#...


You could see a five-headed hydra.

Vanquished Creatures
  5 death yaks
  An unseen horror (D:11)
  An ugly thing (D:10)
  2 centaur zombies (D:11)
  4 spiny frogs
  3 komodo dragons
  A rime drake (Lair:3)
  3 polar bears (Lair:3)
  Prince Ribbit (D:5)
  The ghost of hell0 the Firebug, an amateur DgFE (D:3)
  Sigmund (D:3)
  A redback (Lair:2)
  A hungry ghost (D:10)
  16 yaks
  3 wyverns
  A human (D:9)
  5 water moccasins
  7 porcupines
  2 ice beasts
  5 sky beasts
  3 orc warriors
  An eye of draining (D:11)
  3 phantoms
  6 ogres
  2 necrophages
  5 wolves
  2 black bears
  4 centaurs
  4 crocodiles
  4 big kobolds
  Blork the orc (D:4)
  2 wyvern zombies
  11 bullfrogs
  A gnoll sergeant (D:8)
  A wyvern skeleton (D:10)
  A scorpion (D:10)
  9 killer bees (D:10)
  An electric eel (Lair:3)
  4 howler monkeys
  6 crimson imps
  A bullfrog zombie (D:8)
  3 quasits (D:6)
  4 hounds
  3 jellies
  An orc priest (D:5)
  7 orc wizards
  2 bullfrog skeletons
  3 iguanas
  8 hell rats
  Ijyb (D:3)
  12 worker ants
  2 hound skeletons
  A worker ant zombie (D:7)
  17 adders
  3 gnolls (D:8)
  4 river rats (Lair:2)
  An ooze (D:4)
  An adder skeleton (D:5)
  3 adder zombies
  A worm (D:2)
  3 dart slugs
  4 leopard geckos
  21 orcs
  2 ball pythons
  11 giant cockroaches
  6 goblins
  4 hobgoblins
  18 jackals
  3 quokkas
  10 bats
  6 frilled lizards
  A jackal skeleton (D:7)
  25 kobolds
  A leopard gecko skeleton (D:9)
  A leopard gecko zombie (D:6)
  16 rats
  A butterfly (D:6)
  2 plants (Sewer)
348 creatures vanquished.

Vanquished Creatures (collateral kills)
  A hungry ghost (D:10)
  A jelly (D:10)
  An orc (D:10)
3 creatures vanquished.

Vanquished Creatures (others)
  A bush (Lair:2)
  9 fungi (Lair:2)
  4 plants
14 creatures vanquished.

Grand Total: 365 creatures vanquished

Notes
Turn   | Place    | Note
-------+----------+-------------------------------------------
     0 | D:1      | Banto the Octopode Earth Elementalist began the quest for the Orb.
     0 | D:1      | Reached XP level 1. HP: 11/11 MP: 3/3
    61 | D:1      | Reached skill level 3 in Stealth
   149 | D:1      | Reached XP level 2. HP: 13/17 MP: 5/5
   435 | D:1      | Reached XP level 3. HP: 14/21 MP: 6/6
   557 | D:2      | Reached skill level 4 in Stealth
   649 | D:2      | Learned a level 2 spell: Passwall
   653 | D:2      | Learned a level 3 spell: Stone Arrow
   659 | D:2      | Reached XP level 4. HP: 24/27 MP: 2/7
  1185 | D:2      | Reached skill level 5 in Stealth
  1288 | D:3      | Noticed Sigmund
  1397 | D:3      | Found a shadowy altar of Dithmenos.
  1399 | D:3      | Found a basalt altar of Yredelemnul.
  1401 | D:3      | Found a glowing golden altar of the Shining One.
  1401 | D:3      | Noticed Ijyb
  1409 | D:3      | Killed Ijyb
  1434 | D:3      | Reached XP level 5. HP: 24/31 MP: 8/8
  1434 | D:3      | Noticed hell0's ghost (amateur DgFE)
  1612 | D:3      | Found a hazy altar of Hepliaklqana.
  1664 | D:3      | Reached skill level 6 in Stealth
  1686 | D:3      | Gained mutation: You evolve. [potion of mutation]
  1686 | D:3      | Gained mutation: Your flesh is heat resistant. (rF+) [potion of mutation]
  1686 | D:3      | Gained mutation: You have an increased reservoir of magic. (+10% MP) [potion of mutation]
  1705 | D:3      | Found a faded altar of an unknown god.
  1752 | D:3      | Killed hell0's ghost
  1752 | D:3      | Reached skill level 7 in Stealth
  1752 | D:3      | Reached skill level 5 in Earth Magic
  1752 | D:3      | Reached XP level 6. HP: 16/36 MP: 6/9
  1770 | D:3      | Killed Sigmund
  1770 | D:3      | Reached skill level 8 in Stealth
  1770 | D:3      | Reached XP level 7. HP: 15/41 MP: 6/11
  1775 | D:3      | Found a glowing drain.
  1879 | Sewer    | Entered a sewer
  2781 | Sewer    | Gained mutation: Your muscles are strong. (Str +2) [evolution]
  2928 | D:4      | Found Ahalytsot's Food Shoppe.
  2934 | D:4      | Reached skill level 9 in Stealth
  2957 | D:4      | Found Mexzuxkutt's Weapon Shoppe.
  2987 | D:4      | Noticed Blork the orc
  3065 | D:4      | Reached XP level 8. HP: 39/46 MP: 7/12
  3591 | D:4      | Reached skill level 10 in Stealth
  3736 | D:4      | Learned a level 4 spell: Petrify
  3813 | D:4      | Killed Blork the orc
  3843 | D:5      | Entered Level 5 of the Dungeon
  3935 | D:5      | Noticed Prince Ribbit
  3962 | D:5      | Killed Prince Ribbit
  3962 | D:5      | Reached skill level 11 in Stealth
  3985 | D:5      | Lost mutation: You have an increased reservoir of magic. (+10% MP) [evolution]
  4006 | D:5      | Reached skill level 1 in Short Blades
  4011 | D:5      | Reached XP level 9. HP: 45/51 MP: 12/12
  4800 | D:6      | Found a staircase to the Ecumenical Temple.
  4827 | Temple   | Entered the Ecumenical Temple
  4947 | Temple   | Became a worshipper of Vehumet
  5510 | D:6      | You fall through a shaft for 3 floors!
  5628 | D:9      | Reached skill level 5 in Transmutations
  5722 | D:9      | Reached skill level 5 in Short Blades
  5845 | D:8      | Reached * piety under Vehumet
  5845 | D:8      | Offered knowledge of Freeze by Vehumet.
  6002 | D:7      | Reached XP level 10. HP: 56/56 MP: 3/13
  7550 | D:9      | Found a staircase to the Lair.
  7741 | D:9      | Reached ** piety under Vehumet
  7806 | D:9      | Offered knowledge of Throw Flame by Vehumet.
  8440 | D:10     | Entered Level 10 of the Dungeon
  8645 | D:9      | Lost mutation: You evolve. [evolution]
  9171 | D:10     | Offered knowledge of Inner Flame by Vehumet.
  9176 | D:10     | Reached skill level 1 in Fighting
  9180 | D:10     | Learned a level 2 spell: Sticks to Snakes
  9586 | D:10     | Reached XP level 11. HP: 47/64 MP: 14/14
  9588 | D:10     | Reached *** piety under Vehumet
  9817 | D:10     | Reached skill level 5 in Dodging
 10210 | D:11     | Noticed Bikalo's ghost (journeyman MiFi)
 10527 | D:11     | Found a staircase to the Orcish Mines.
 10573 | D:11     | HP: 3/67 [something (10)]
 10577 | D:11     | Killed an unseen horror
 10785 | D:11     | Offered knowledge of Mephitic Cloud by Vehumet.
 10794 | D:11     | Learned a level 3 spell: Mephitic Cloud
 10853 | D:11     | Noticed a purple ugly thing
 11082 | D:10     | Killed a purple ugly thing
 11624 | Lair:1   | Entered Level 1 of the Lair of Beasts
 11765 | Lair:1   | Reached skill level 5 in Fighting
 13017 | Lair:2   | Noticed a seven-headed hydra
 14001 | Lair:2   | Noticed a five-headed hydra
 14002 | Lair:2   | Found a hole to the Spider Nest.
 14157 | Lair:3   | Found a staircase to the Swamp.
 14592 | Lair:1   | Reached **** piety under Vehumet
 15450 | Lair:3   | Reached XP level 12. HP: 81/81 MP: 12/15
 16010 | Lair:3   | Noticed a death yak
 16012 | Lair:3   | Noticed a death yak
 16012 | Lair:3   | Noticed a death yak
 16012 | Lair:3   | Noticed a death yak
 16383 | Lair:2   | Offered knowledge of Ignite Poison by Vehumet.
 16671 | Lair:3   | Noticed a death yak
 16838 | Lair:3   | Noticed a death yak
 17056 | Lair:2   | Killed a death yak
 17056 | Lair:2   | Reached skill level 1 in Conjurations
 17246 | Lair:2   | Killed a death yak
 17353 | Lair:3   | Killed a death yak
 18089 | Lair:3   | Killed a death yak
 18252 | Lair:2   | Killed a death yak
 18252 | Lair:2   | Reached skill level 1 in Air Magic
 18657 | Lair:2   | Slain by a five-headed hydra

Vault maps used:
D:1:      evilmike_arrival_fibonacci_small, skrybe_limestone_x
D:3:      old_standard_altar, grunt_temple_overflow_diamond,
          chequers_ecumenical_altar_lobes, portal_sewer_entry_f, uniq_ijyb,
          uniq_sigmund
D:4:      minmay_opposing_rooms, serial_glass, glass_columns_b, glass_columns_a,
          serial_shops, shop, shop, uniq_blork_the_orc
D:5:      first_ration, feat_on_display, uniq_prince_ribbit1
D:6:      cheibrodos_quashed, minmay_temple_entry_butterflies,
          serial_bayou_pond_e
D:7:      solitary_fountain
D:8:      serial_bayou_pond_e, minmay_misc_feat_tower
D:9:      dpeg_oklobed_lair, grunt_pizzeria
D:10:     minmay_misc_feat_ornament
D:11:     orc_0_dummy
Temple:   regret_index_temple_mists
Lair:1:   wad_woods_structure_01
Lair:2:   spider_nest_entry_webs, kennysheep_abandoned_house
Lair:3:   swamp_mist, minivault_25, gammafunk_lair_bear_cave
Sewer:    kennysheep_pipe_town

Skill      XL: |  1  2  3  4  5  6  7  8  9 10 11 12 |
---------------+-------------------------------------+-----
Stealth        | 3 4 5 7 8 9 11 | 11.0
Earth Magic    | 4 5 6 8 |  8.2
Short Blades   | 1 5 8 |  8.0
Transmutations | 2 6 8 |  8.0
Dodging        | 4 8 9 |  9.0
Fighting       | 2 7 9 |  9.1
Conjurations   | 4 |  4.9
Air Magic      | 1 |  1.3
Spellcasting   | |  2.0

Action                   |  1- 3 |  4- 6 |  7- 9 | 10-12 || total
-------------------------+-------+-------+-------+-------++-------
Melee: Unarmed           |    13 |       |       |       ||    13
       Constrict         |     8 |    13 |    57 |    73 ||   151
       Tentacles         |     4 |     6 |    36 |   107 ||   153
       Short sword       |    23 |    63 |   231 |   524 ||   841
       Dagger            |     3 |       |       |       ||     3
       Rapier            |       |       |    10 |    76 ||    86
Throw: Stone             |       |       |     2 |     4 ||     6
 Cast: Sandblast         |     7 |     8 |    17 |     1 ||    33
       Passwall          |     1 |     1 |    25 |    10 ||    37
       Petrify           |       |       |     7 |    94 ||   101
       Stone Arrow       |       |       |     3 |    23 ||    26
       Sticks to Snakes  |       |       |       |     8 ||     8
       Mephitic Cloud    |       |       |       |    16 ||    16
Evoke: Wand              |       |     2 |       |       ||     2
  Use: Scroll            |       |     9 |     8 |    11 ||    28
       Potion            |       |     1 |     1 |     2 ||     4
 Stab: Sleeping          |     9 |     8 |    42 |    32 ||    91
       Petrified         |       |       |     3 |    59 ||    62
       Petrifying        |       |       |     1 |     2 ||     3
       Distracted        |       |       |       |     4 ||     4
       Confused          |       |       |       |    10 ||    10
  Eat: Chunk             |       |     3 |    17 |    35 ||    55
       Ration            |       |       |       |     9 ||     9
Armor: Skin              |     3 |     7 |    12 |     9 ||    31
Dodge: Dodged            |    22 |    30 |   116 |   407 ||   575

Table legend:
 A = Spawn XP
 B = Non-spawn XP
 C = Spawn XP percentage of total XP
 D = Spawn monster count
 E = Non-spawn monster count
 F = Spawn count percentage of total count
 G = Total turns spent on level
                    A         B        C        D         E        F      G
               +---------+---------+-------+---------+---------+-------+---------
         Total |       0 |   27028 |   0.0 |       0 |     348 |   0.0 | 18657
               +---------+---------+-------+---------+---------+-------+---------
           D:1 |       0 |      34 |   0.0 |       0 |      21 |   0.0 |   546
           D:2 |       0 |      86 |   0.0 |       0 |      21 |   0.0 |   801
           D:3 |       0 |     662 |   0.0 |       0 |      24 |   0.0 |   657
           D:4 |       0 |     663 |   0.0 |       0 |      22 |   0.0 |   915
           D:5 |       0 |    1229 |   0.0 |       0 |      31 |   0.0 |   935
           D:6 |       0 |     944 |   0.0 |       0 |      23 |   0.0 |   863
           D:7 |       0 |     669 |   0.0 |       0 |      16 |   0.0 |   863
           D:8 |       0 |     862 |   0.0 |       0 |      14 |   0.0 |  1070
           D:9 |       0 |    2085 |   0.0 |       0 |      22 |   0.0 |  1283
          D:10 |       0 |    3327 |   0.0 |       0 |      42 |   0.0 |  1797
          D:11 |       0 |    2003 |   0.0 |       0 |      16 |   0.0 |   828
        Lair:1 |       0 |    1651 |   0.0 |       0 |       9 |   0.0 |  1655
        Lair:2 |       0 |    6933 |   0.0 |       0 |      41 |   0.0 |  3358
        Lair:3 |       0 |    5556 |   0.0 |       0 |      22 |   0.0 |  2020
         Sewer |       0 |     324 |   0.0 |       0 |      24 |   0.0 |   924
               +---------+---------+-------+---------+---------+-------+---------

Table legend:
 A = Turns spent in this place as a percentage of turns spent in the entire game.
 B = Non-inter-level travel turns spent in this place as a percentage of non-inter-level travel turns spent in the entire game.
 C = Inter-level travel turns spent in this place as a percentage of turns spent in this place.
 D = Turns resting spent in this place as a percentage of non-inter-level travel turns spent in this place.
 E = Turns spent auto-exploring this place as a percentage of non-inter-level travel turns spent in this place.
 F = Non-inter-level travel turns spent in this place divided by the number of levels of this place that you've seen.
                   A       B       C       D       E      F
               +-------+-------+-------+-------+-------+----------------------
         Total | 100.0 | 100.0 |   8.2 |  22.9 |  39.0 | 1070.4
       Dungeon |  56.6 |  56.2 |   8.8 |  18.8 |  44.9 | 875.5
        Temple |   0.8 |   0.7 |  13.4 |   0.0 |  78.9 | 123.0
          Lair |  37.7 |  37.7 |   8.3 |  23.3 |  33.4 | 2149.7
         Sewer |   5.0 |   5.4 |   0.0 |  64.9 |  10.6 | 924.0
               +-------+-------+-------+-------+-------+----------------------

Table legend:
 A = Kills in this place as a percentage of kills in entire the game.
 B = Kills by you in this place as a percentage of kills by you in the entire game.
 C = Kills by friends in this place as a percentage of kills by friends in the entire game.
 D = Other kills in this place as a percentage of other kills in the entire game.
 E = Experience gained in this place as a percentage of experience gained in the entire game.
 F = Experience gained in this place divided by the number of levels of this place that you have seen.
                   A       B       C       D       E      F
               +-------+-------+-------+-------+-------+----------------------
         Total | 100.0 | 100.0 | 100.0 |   N/A | 100.0 | 1689.2
       Dungeon |  72.4 |  72.2 | 100.0 |   N/A |  46.5 | 1142.2
          Lair |  20.7 |  20.9 |   0.0 |   N/A |  52.3 | 4713.3
         Sewer |   6.9 |   7.0 |   0.0 |   N/A |   1.2 | 324.0
               +-------+-------+-------+-------+-------+----------------------
